 Dungeon Sprint DCSS version 0.27.1-1-g398f81649c (webtiles) character file.

Game seed: 6138108123948647129

713 styxcanada the Unseen (level 7, -7/38 HPs)
             Began as a Spriggan Brigand on Sept 16, 2021.
             Was an Initiate of Gozag.
             Engulfed by a fire crab's flame (10 damage)
             ... in the Dungeon (Sprint VII: "The Pits").
             The game lasted 00:03:56 (1176 turns).

styxcanada the Unseen (Spriggan Brigand)            Turns: 1176, Time: 00:03:56

Health: -7/38      AC:  3    Str:  7    XL:     7   Next: 41%
Magic:  8/8        EV: 24    Int: 12    God:    Gozag
Gold:   1053       SH:  0    Dex: 19    Spells: 6/6 levels left

rFire    . . .     SeeInvis +   n - +1 dagger (elec)
rCold    . . .     Faith    .   (shield restricted)
rNeg     . . .     Spirit   .   b - +0 robe
rPois    .         Reflect  .   (helmet restricted)
rElec    .         Harm     .   c - +0 cloak
rCorr    .         Rampage  .   (gloves unavailable)
Will     +....     NoTele   +   (boots unavailable)
Stlth    +++++++...             (no amulet)
HPRegen  0.12/turn              (no ring)
MPRegen  0.11/turn              (no ring)

@: gold aura, very quick
A: very small, no large weapons, unfitting armour, see invisible, speed 3
a: Renounce Religion, Potion Petition, Call Merchant, Bribe Branch


You were in the Dungeon.
You worshipped Gozag.
Gozag was most pleased with you.
You visited 1 branch You collected 1053 gold pieces.

Inventory:

Hand Weapons
 a - a +2 dagger
 n - a +1 dagger of electrocution (weapon)
 o - a +0 long sword of holy wrath
Missiles
 d - 6 poisoned darts (quivered)
 e - 3 curare-tipped darts
 m - 10 stones
Armour
 b - a +0 robe (worn)
 c - a +0 cloak (worn)
Scrolls
 k - a scroll of blinking
Potions
 f - 6 potions of curing
 g - 6 potions of heal wounds
 h - a potion of haste
 i - 4 potions of magic
 j - 3 potions of berserk rage
 l - 2 potions of invisibility


   Skills:
 * Level 4.8 Fighting
 + Level 4.5 Short Blades
 + Level 0.5(2.1) Long Blades
 + Level 4.1 Throwing
 * Level 9.5 Dodging
 * Level 18.2 Stealth


You had 6 spell levels left.
You didn't know any spells.
Your spell library was empty.

Dungeon Overview and Level Annotations

Branches:
Dungeon (1/1)

Altars:
Ashenzari
Cheibriados
Dithmenos
Elyvilon
Fedhas
Gozag
Hepliaklqana
Kikubaaqudgha
Makhleb
Nemelex Xobeh
Okawaru
Qazlal
Ru
Sif Muna
Trog
Uskayaw
Vehumet
Wu Jian
Xom
Yredelemnul
Zin
The Shining One
Beogh
Jiyva
Lugonu


Innate Abilities, Weirdness & Mutations

You are very small and have problems with some larger weapons.
You are too small for most types of armour.
You have supernaturally acute eyesight. (SInv)
You cover ground extremely quickly. (Speed+++)


Message History

A troll comes into view.
There is an open door here.
The helpless troll fails to defend itself.
You perforate the troll like a sieve!!!!
Lightning courses through the troll!
You kill the troll!
Your Throwing skill increases to level 4!
Your Dodging skill increases to level 9!
Your Stealth skill increases to level 18!
You now have 1053 gold pieces (gained 135).
As you open the door, it creaks loudly!
An acid dragon, a fire crab and a giant cockroach come into view.
The acid dragon roars!
There is an open door here.
There is an open door here.
There is an open door here.
Throw: 8 darts (poison)
Press: ? - help, Q - select action, (/) - cycle Shift-Dir - straight line, f - giant cockroach
Aim: a giant cockroach (65% to hit)
You throw a poisoned dart.
The poisoned dart hits the giant cockroach.
The giant cockroach is poisoned.
The giant cockroach misses you.
You kill the giant cockroach!
Throw: 7 darts (poison)
Press: ? - help, Q - select action, (/) - cycle Shift-Dir - straight line, f - fire crab
Aim: a fire crab (78% to hit)
You throw a poisoned dart. The poisoned dart hits the fire crab.
The fire crab is poisoned.
The fire crab breathes flames at you. The blast of flame engulfs you.
Unknown command.
You are engulfed in blazing flames.
The fire crab breathes flames at you. The blast of flame engulfs you.
You are engulfed in blazing flames.
* * * LOW HITPOINT WARNING * * *
You are engulfed in blazing flames.
You die...
Your body crumbles into a pile of gold.

#.#))#####'#####'###
#.#..#.....##.......
#.#))#.....##.......
#.#..###'####.......
#.##'#....)##...<...
#.#........##.......
#.#..).....##.......
#'###########.......
#.°@°°°°# ########
#.°°#..°# #####
#.°°#...# ....#
#.##°##°#+#....#
#...#)°t#.tD...+
#...#°..#'#....#
#.......D.#.t..#
################


There were no monsters in sight!

Vanquished Creatures
  A troll (D)
  A fire bat (D)
  A sky beast (D)
  A necrophage (D)
  A wolf (D)
  A kobold brigand (D)
  A mummy (D)
  A gnoll (D)
  A river rat (D)
  A white imp (D)
  An adder skeleton (D)
  An orc (D)
  A giant cockroach (D)
  2 hobgoblins (D)
  2 jackals (D)
  A frilled lizard (D)
  A quokka zombie (D)
19 creatures vanquished.

Notes
Turn   | Place    | Note
-------+----------+-------------------------------------------
     0 | D        | styxcanada the Spriggan Brigand began the quest for the
                  | Orb.
     0 | D        | Reached XP level 1. HP: 10/10 MP: 2/2
    12 | D        | Reached skill level 8 in Stealth
    12 | D        | Reached XP level 2. HP: 15/15 MP: 3/3
    14 | D        | Found a bloodstained altar of Trog.
    14 | D        | Found a shimmering blue altar of Sif Muna.
    14 | D        | Found a viscous altar of Jiyva.
    14 | D        | Found a hazy altar of Hepliaklqana.
    14 | D        | Found an opulent altar of Gozag.
    15 | D        | Found a glowing golden altar of the Shining One.
    15 | D        | Found a glowing silver altar of Zin.
    15 | D        | Found a basalt altar of Yredelemnul.
    15 | D        | Found a shimmering altar of Xom.
    15 | D        | Found an ornate altar of the Wu Jian Council.
    15 | D        | Found a sacrificial altar of Ru.
    15 | D        | Found a stormy altar of Qazlal.
    15 | D        | Found an iron altar of Okawaru.
    15 | D        | Found a sparkling altar of Nemelex Xobeh.
    15 | D        | Found a burning altar of Makhleb.
    15 | D        | Found a blossoming altar of Fedhas.
    15 | D        | Found a white marble altar of Elyvilon.
    15 | D        | Found a shadowy altar of Dithmenos.
    15 | D        | Found a snail-covered altar of Cheibriados.
    16 | D        | Found a radiant altar of Vehumet.
    16 | D        | Found a corrupted altar of Lugonu.
    17 | D        | Found an ancient bone altar of Kikubaaqudgha.
    17 | D        | Found a hide-covered altar of Uskayaw.
    17 | D        | Found a broken altar of Ashenzari.
    19 | D        | Became a worshipper of Gozag Ym Sagoz the Greedy
   148 | D        | Reached skill level 9 in Stealth
   622 | D        | Reached XP level 3. HP: 18/18 MP: 4/4
   632 | D        | Reached skill level 10 in Stealth
   878 | D        | Noticed a kobold brigand
   879 | D        | Noticed a fire bat
   879 | D        | Noticed a wolf
   882 | D        | Noticed a necrophage
   884 | D        | Noticed a sky beast
   885 | D        | Killed a fire bat
   886 | D        | Reached skill level 5 in Dodging
   886 | D        | Reached skill level 13 in Stealth
   886 | D        | Reached XP level 4. HP: 24/24 MP: 5/5
   886 | D        | Reached XP level 5. HP: 28/28 MP: 6/6
   911 | D        | Killed a necrophage
   912 | D        | Reached skill level 14 in Stealth
   938 | D        | Reached skill level 15 in Stealth
   938 | D        | Reached XP level 6. HP: 14/33 MP: 7/7
  1128 | D        | Killed a sky beast
  1129 | D        | Reached skill level 16 in Stealth
  1132 | D        | Reached skill level 17 in Stealth
  1132 | D        | Reached XP level 7. HP: 38/38 MP: 8/8
  1156 | D        | Noticed a troll
  1158 | D        | Killed a troll
  1159 | D        | Reached skill level 18 in Stealth
  1161 | D        | Noticed a fire crab
  1176 | D        | Engulfed by a fire crab's flame

Illustrated notes

Levels and vault maps discovered:
D:        pitsprint [storerooms_1, entrance_room_1, metal_vault_3, armoury_1,
          mini_pit_1, grid_room_1, main_hall_1, silver_pit, the_coven_3,
          the_vestibule_1, steel_vault_2, golden_pit, hallway_of_sentries,
          crystal_vault_1, iron_vault_5, final_vault]

Skill      XL: |  1  2  3  4  5  6  7 |
---------------+----------------------+-----
Dodging        | 2 3 5 7 8 9 |  9.5
Stealth        | 8 9 13 15 17 18 | 18.2
Fighting       | 2 3 4 |  4.8
Short Blades   | 3 4 |  4.5
Throwing       | 3 4 |  4.1
Long Blades    | |  0.5

Action                   |  1- 3 |  4- 6 |  7- 9 || total
-------------------------+-------+-------+-------++-------
Melee: Dagger            |    53 |    17 |     2 ||    72
       Long sword        |       |     5 |       ||     5
Throw: Dart              |     5 |       |     2 ||     7
 Stab: Sleeping          |     6 |     3 |     2 ||    11
Armor: Robe              |    10 |       |       ||    10
Dodge: Dodged            |    52 |    10 |     1 ||    63
       Rpst.: Long sword |       |     1 |       ||     1
